 Dungeon Crawl Stone Soup version 0.30-a0-374-g95c0257040 (webtiles) character file.

Game seed: 4347113926575849523

4125 arthad the Geomancer (level 10, -6/58 HPs)
             Began as a Gargoyle Earth Elementalist on Nov 26, 2022.
             Was a Believer of Vehumet.
             Mangled by a vampire (8 damage)
             ... on level 9 of the Dungeon.
             The game lasted 00:27:02 (7880 turns).

arthad the Geomancer (Gargoyle Earth Elementalist)  Turns: 7880, Time: 00:27:02

Health: -6/58      AC: 14    Str: 18 (19) XL:     10   Next: 27%
Magic:  8/20       EV: 12    Int: 18 (19) God:    Vehumet [**....]
Gold:   454        SH:  0    Dex:  7 (10) Spells: 9/23 levels left

rFire   . . .      SeeInvis .    i - +2 flail (holy)
rCold   + + .      Faith    .    (no shield)
rNeg    + + .      Spirit   .    v - +0 robe "Maimagom" {rC++ Will+}
rPois   ∞          Reflect  .    Y - +0 helmet
rElec   +          Harm     .    d - +0 cloak
rCorr   .          Rampage  .    g - +0 pair of gloves
Will    +....                    Z - +0 pair of boots
Stlth   +++.......               N - amulet of regeneration
HPRegen 1.09/turn                F - +6 ring of strength
MPRegen 0.17/turn                P - ring of positive energy

@: mighty
A: sickness immunity, AC +7, negative energy resistance 1, electricity
resistance, torment resistance 1, petrification resistance
a: Renounce Religion


You were on level 9 of the Dungeon.
You worshipped Vehumet.
Vehumet was pleased with you.
You visited 1 branch of the dungeon, and saw 9 of its levels.

You collected 454 gold pieces.

Inventory:

Hand Weapons
 a - a +2 antimagic short sword
 i - a +2 flail of holy wrath (weapon)
 m - a +1 whip of draining
 O - a +4 quarterstaff of chaos
 Q - a +4 vorpal glaive
Missiles
 f - 14 boomerangs
 p - 3 silver boomerangs
 q - 5 javelins
 u - 11 poisoned darts
 A - 6 curare-tipped darts
 G - a boomerang of dispersal
 H - an atropa-tipped dart
 I - a datura-tipped dart
 J - a throwing net
Armour
 d - a +0 cloak (worn)
 g - a +0 pair of gloves (worn)
 o - an orb of wrath
 v - the +0 robe "Maimagom" (worn) {rC++ Will+}
   (You found it on level 3 of the Dungeon)

   rC:        It greatly protects you from cold.
   Will:      It increases your willpower.
 R - +0 steam dragon scales
 Y - a +0 helmet (worn)
 Z - a +0 pair of boots (worn)
Magical Staves
 t - a staff of cold
 K - a staff of poison
Jewellery
 F - a +6 ring of strength (left hand)
 N - an amulet of regeneration (around neck)
 P - a ring of positive energy (right hand)
 U - an amulet of the acrobat
 X - a ring of resist corrosion
Wands
 z - a wand of flame (11)
 C - a wand of roots (14)
Scrolls
 c - 13 scrolls of identify {unknown}
 j - 6 scrolls of amnesia {unknown}
 k - 2 scrolls of brand weapon {unknown}
 l - 3 scrolls of fear {unknown}
 r - 3 scrolls of silence {unknown}
 s - a scroll of magic mapping {unknown}
 x - 6 scrolls of teleportation {unknown}
 y - 4 scrolls of noise {unknown}
 B - 2 scrolls of poison {unknown}
 E - 2 scrolls of enchant weapon {unknown}
 M - a scroll of enchant armour {unknown}
 V - 2 scrolls of immolation
 W - a scroll of torment {unknown}
Potions
 b - 4 potions of magic
 h - a potion of cancellation
 D - a potion of degeneration
 S - a potion of attraction


   Skills:
 + Level 4.9 Fighting
 + Level 4.3 Armour
 + Level 3.7 Dodging
 + Level 5.6 Stealth
 * Level 7.2 Spellcasting
 + Level 4.2 Conjurations
 + Level 1.5 Translocations
 + Level 3.3 Transmutations
 + Level 8.4 Earth Magic
 - Level 0.2 Evocations


You had 9 spell levels left.
You knew the following spells:

 Your Spells              Type           Power      Damage    Failure   Level
a - Sandblast             Erth           72%        2d16      1%          1
b - Passwall              Tmut/Erth      22%        N/A       1%          2
c - Stone Arrow           Conj/Erth      58%        3d10      2%          3
d - Petrify               Tmut/Erth      27%        N/A       10%         4
e - Foxfire               Conj/Fire      56%        2x1d6     4%          1
f - Gell's Gravitas       Tloc           12%        N/A       17%         3

Your spell library contained the following spells:

 Spells                   Type           Power      Damage    Failure   Level
 Summon Small Mammal      Summ           24%        N/A       11%         1
 Teleport Other           Tloc           12%        N/A       17%         3
 Call Canine Familiar     Summ           6%         N/A       32%         3
 Summon Guardian Golem    Hex/Summ       6%         N/A       32%         3
 Dispersal                Tloc           6%         N/A       100%        6


Dungeon Overview and Level Annotations

Branches:
Dungeon (9/15)             Temple (0/1) D:4
   Lair: D:8-11         Orc: D:9-12

Altars:
Ashenzari
Dithmenos
Gozag
Hepliaklqana
Makhleb
Okawaru
Ru
Sif Muna
Uskayaw
Vehumet
Wu Jian
Yredelemnul
The Shining One

Shops:
D:1 :   D:5 (

Annotations:
D:3 1 runed translucent door, flotson's ghost, amateur DsDe


Innate Abilities, Weirdness & Mutations

You are immune to sickness and miasma.
Your stone body is resilient. (AC +7)
You are immune to poison.
You resist negative energy. (rN+)
You are resistant to electric shocks. (rElec)
You are resistant to unholy torment.
You are immune to petrification.


Message History

* * * LOW HITPOINT WARNING * * *
Something bites you but does no damage.
You closely miss something.
A vampire appears from thin air!
Reactivating autopickup.
The vampire hits you but does no damage.
The vampire barely misses you.
You closely miss the vampire.
The vampire is heavily damaged.
The vampire casts a spell.
The vampire flickers and vanishes!
Deactivating autopickup; reactivate with Ctrl-A.
You closely miss something. Something hits you but does no damage.
Something bites you.
* * * LOW HITPOINT WARNING * * *
Something hits you.
* * * LOW HITPOINT WARNING * * *
Something bites you.
* * * LOW HITPOINT WARNING * * *
You feel better. Something hits you.
* * * LOW HITPOINT WARNING * * *
Something bites you!
* * * LOW HITPOINT WARNING * * *
You feel better. Something hits you.
* * * LOW HITPOINT WARNING * * *
Something bites you.
* * * LOW HITPOINT WARNING * * *
You feel better. Something hits you.
* * * LOW HITPOINT WARNING * * *
Something completely misses you.
Casting: Foxfire (safe; 4% risk of failure)
Confirm with . or Enter, or press ? or * to list all spells.
You conjure some foxfire!
Something hits you!
* * * LOW HITPOINT WARNING * * *
Something barely misses you.
You closely miss something.
The foxfire hits something.
The foxfire hits something but does no damage.
Something hits you.
* * * LOW HITPOINT WARNING * * *
Something bites you!
You die...

#)# #####.#.###.###.# # #[#
#.....=.....# #
#.#######.....).##### #
#.......#######.###########
#######..# #.#..........
##.# #.#.....#####
#.######.#.....# #
#.{..........#.# ##
#..@..##.....#.####.
#..§..##.....#.##...
##....##.....#.##.##
#......._........#
#...######......#### ###.#
###>.).# #.# ###### #.


There were no monsters in sight!

Vanquished Creatures
  Joseph (D:7)
  Maggie (D:6)
  2 kobold demonologists (D:6)
  A hornet (D:8)
  Sigmund (D:4)
  A wyvern (D:7)
  A human (D:7)
  A steam dragon (D:8)
  Menkaure (D:7)
  A water moccasin (D:7)
  A black bear (D:6)
  An ice beast (D:5)
  An ogre (D:6)
  A centaur (D:7)
  A kobold brigand (D:6)
  4 bullfrogs
  A gnoll sergeant (D:8)
  3 scorpions
  2 necrophages (D:6)
  3 wights (D:8)
  5 orc priests
  A gnoll bouda (D:8)
  5 hounds
  2 jellies
  Crazy Yiuf (D:5)
  2 iguanas (D:4)
  Ijyb (D:5)
  4 orc wizards
  3 adders
  9 gnolls
  2 shadow imps
  A white imp (D:6)
  3 worms
  A dart slug (D:4)
  18 orcs
  6 ball pythons
  4 bats
  6 endoplasms
  3 giant cockroaches
  9 hobgoblins
  6 jackals
  3 quokkas
  3 training dummies (D:5)
  4 frilled lizards
  8 goblins
  9 kobolds
  A kobold skeleton (D:7)
  5 rats
154 creatures vanquished.

Vanquished Creatures (others)
  7 foxfires (D:9)
7 creatures vanquished.

Grand Total: 161 creatures vanquished

Notes
Turn   | Place    | Note
-------+----------+-------------------------------------------
     0 | D:1      | arthad the Gargoyle Earth Elementalist began the quest for
                  | the Orb.
     0 | D:1      | Reached XP level 1. HP: 10/10 MP: 3/3
    46 | D:1      | Found Ylisuet's Book Emporium.
   251 | D:1      | Reached XP level 2. HP: 16/16 MP: 0/5
   511 | D:1      | Reached skill level 4 in Earth Magic
  1378 | D:2      | Reached XP level 3. HP: 20/20 MP: 4/6
  1477 | D:2      | Learned a level 2 spell: Passwall
  1481 | D:2      | Learned a level 3 spell: Stone Arrow
  1502 | D:2      | Found an ornate altar of the Wu Jian Council.
  1628 | D:2      | Found a faded altar of an unknown god.
  2262 | D:3      | Reached skill level 1 in Fighting
  2435 | D:3      | Reached XP level 4. HP: 25/25 MP: 4/8
  2503 | D:3      | Identified the +0 robe "Maimagom" {rC++ Will+}
  2561 | D:3      | Found a runed translucent door.
  2572 | D:3      | Noticed flotson's ghost (amateur DsDe)
  2722 | D:3      | Found a radiant altar of Vehumet.
  2733 | D:3      | Became a worshipper of Vehumet
  2945 | D:4      | Noticed Sigmund
  2951 | D:4      | Killed Sigmund
  2952 | D:4      | Reached skill level 5 in Earth Magic
  2952 | D:4      | Reached XP level 5. HP: 30/30 MP: 3/11
  2957 | D:4      | Reached XP level 6. HP: 24/35 MP: 1/12
  3149 | D:4      | Found a staircase to the Ecumenical Temple.
  3227 | D:4      | Reached skill level 6 in Earth Magic
  3912 | D:5      | Entered Level 5 of the Dungeon
  3912 | D:5      | Found Zeco's Firing Range.
  4190 | D:5      | Reached XP level 7. HP: 28/40 MP: 8/14
  4238 | D:5      | Learned a level 4 spell: Petrify
  4289 | D:5      | Noticed Ijyb
  4307 | D:5      | Killed Ijyb
  4604 | D:5      | Found a runed translucent door.
  4605 | D:5      | Noticed Crazy Yiuf
  4678 | D:5      | Reached skill level 5 in Spellcasting
  4678 | D:5      | Reached skill level 1 in Transmutations
  4699 | D:5      | Reached skill level 1 in Armour
  4918 | D:5      | Killed Crazy Yiuf
  5074 | D:6      | Reached skill level 1 in Conjurations
  5159 | D:6      | Noticed Maggie
  5161 | D:6      | Noticed a kobold demonologist
  5162 | D:6      | Noticed a kobold demonologist
  5167 | D:6      | Noticed a rust devil
  5167 | D:6      | Killed a kobold demonologist
  5167 | D:6      | Killed a kobold demonologist
  5168 | D:6      | Reached skill level 7 in Earth Magic
  5168 | D:6      | Reached XP level 8. HP: 46/46 MP: 9/16
  5169 | D:6      | Killed Maggie
  5170 | D:6      | Reached * piety under Vehumet
  5170 | D:6      | Offered knowledge of Freeze by Vehumet.
  5184 | D:6      | Reached XP level 9. HP: 51/52 MP: 0/18
  5885 | D:7      | Noticed Menkaure
  5889 | D:7      | Killed Menkaure
  5889 | D:7      | Reached ** piety under Vehumet
  5889 | D:7      | Offered knowledge of Foxfire by Vehumet.
  5893 | D:7      | Learned a level 1 spell: Foxfire
  6443 | D:7      | Noticed Joseph
  6452 | D:7      | Killed Joseph
  6453 | D:7      | Reached skill level 5 in Stealth
  6453 | D:7      | Reached skill level 8 in Earth Magic
  6577 | D:7      | Learned a level 3 spell: Gell's Gravitas
  6673 | D:7      | Found a runed translucent door.
  6677 | D:7      | Found a basalt altar of Yredelemnul.
  6994 | D:8      | Reached XP level 10. HP: 53/58 MP: 17/20
  7051 | D:8      | Reached skill level 1 in Translocations
  7344 | D:8      | Found a glowing golden altar of the Shining One.
  7352 | D:8      | Found a hide-covered altar of Uskayaw.
  7359 | D:8      | Found a burning altar of Makhleb.
  7366 | D:8      | Found an opulent altar of Gozag.
  7377 | D:8      | Found a hazy altar of Hepliaklqana.
  7385 | D:8      | Found an iron altar of Okawaru.
  7390 | D:8      | Found a broken altar of Ashenzari.
  7510 | D:8      | Found a shimmering blue altar of Sif Muna.
  7516 | D:8      | Found a shadowy altar of Dithmenos.
  7633 | D:9      | Found an ornate altar of the Wu Jian Council.
  7710 | D:9      | Found a sacrificial altar of Ru.
  7880 | D:9      | HP: 2/58 [something (6)]
  7880 | D:9      | Mangled by a vampire

Illustrated notes

Levels and vault maps discovered:
D:1:      ebering_trefoil_twist, layout_basic, serial_shops, shop,
          chequers_jeans, hangedman_decor_growths, grunt_decor_cap
D:2:      layout_basic, basic_altar, ebering_ecumenical_altar_webs,
          minmay_misc_feat_five, guppyfry_early_lair_pool
D:3:      layout_basic, vehumet_altar_wand_db, ebering_ghost_sewer_d,
          kennysheep_decorative_pillar, dk_noncrumbling_3,
          hangedman_decor_peaks_small
D:4:      layout_cave_pods, minmay_temple_entry_hall, minmay_ruptured,
          uniq_sigmund
D:5:      nicolae_cairo_tiling_very_big, layout_rooms, grunt_decor_clamped,
          minmay_misc_feat_encased, nicolae_shop_firing_range,
          uniq_crazy_yiuf_cottage, uniq_ijyb
D:6:      layout_gridville, uniq_maggie
D:7:      layout_layer_cave, dk_yredelemnul_ordeal, kennysheep_generic_room_8,
          uniq_menkaure, uniq_joseph
D:8:      layout_gridville, grunt_temple_overflow_octagram,
          mainiacjoe_overflow_catwalk_spiral
D:9:      layout_basic, overflow_temple_1_default, lemuel_doored_altar,
          kennysheep_little_box, lemuel_round_altar, ebering_ghost_xom,
          serial_shops, nicolae_shop_trees

Skill      XL: |  1  2  3  4  5  6  7  8  9 10 |
---------------+-------------------------------+-----
Earth Magic    | 4 5 6 7 8 |  8.4
Fighting       | 1 2 3 4 |  4.9
Spellcasting   | 3 4 5 6 7 |  7.2
Transmutations | 1 2 3 |  3.3
Armour         | 2 3 4 |  4.3
Stealth        | 3 4 5 |  5.6
Conjurations   | 2 3 4 |  4.2
Dodging        | 2 3 |  3.7
Translocations | 1 |  1.5
Evocations     | |  0.2

Action                   |  1- 3 |  4- 6 |  7- 9 | 10-12 || total
-------------------------+-------+-------+-------+-------++-------
Melee: Unarmed           |    14 |       |       |       ||    14
       Whip              |     3 |     8 |     8 |     7 ||    26
       Punch             |       |       |     1 |       ||     1
       Short sword       |       |       |       |    14 ||    14
       Flail             |       |       |       |    10 ||    10
Throw: Boomerang         |     2 |       |       |       ||     2
       Dart              |       |       |     1 |       ||     1
 Cast: Sandblast         |    68 |    51 |    98 |    44 ||   261
       Stone Arrow       |       |     1 |    16 |     5 ||    22
       Foxfire           |       |       |       |     4 ||     4
Evoke: Wand              |       |     3 |       |       ||     3
  Use: Potion            |       |       |     3 |    11 ||    14
       Scroll            |       |       |     1 |       ||     1
Armor: Robe              |     6 |    12 |    30 |    33 ||    81
       Skin              |       |       |       |    47 ||    47
Dodge: Dodged            |    24 |     5 |    52 |    22 ||   103

Table legend: (Time is in decaauts)
 A = Elapsed time spent in this place.
 B = Non-inter-level travel time spent in this place.
 C = Inter-level travel time spent in this place.
 D = Time resting spent in this place.
 E = Time spent auto-exploring this place.
 F = Levels seen in this place.
 G = Mean time per level.
                   A        B        C        D        E       F      G
               +--------+--------+--------+--------+--------+-----+--------+
         Total |   8013 |   7772 |    241 |    366 |   6220 |   9 |  890.3 |
       Dungeon |   8013 |   7772 |    241 |    366 |   6220 |   9 |  890.3 |
               +--------+--------+--------+--------+--------+-----+--------+

Top non-repeatable levels by time:
     D:1: 1373 daAuts
     D:7: 1173 daAuts
     D:5: 1102 daAuts
     D:4: 1007 daAuts
     D:2: 912 daAuts
     D:6: 838 daAuts
     D:3: 670 daAuts
     D:8: 667 daAuts
     D:9: 268 daAuts
